 Dungeon Crawl Stone Soup version 0.28-a0-413-gde365fb1df (webtiles) character file.

Game seed: 16558022798936447913

180185 freelancePsychic the Warrior (level 17, -7/156 HPs)
             Began as a Palentonga Fighter on Sept 7, 2021.
             Was the Champion of Cheibriados.
             Mangled by a naga mage (18 damage)
             ... on level 2 of the Snake Pit on Sept 8, 2021.
             The game lasted 00:58:21 (33443 turns).

freelancePsychic the Warrior (Palentonga Fighter)  Turns: 33443, Time: 00:58:21

Health: -7/156     AC: 34    Str: 42    XL:     17   Next: 63%
Magic:  8/8        EV: 11    Int: 22    God:    Cheibriados [******]
Gold:   1665       SH: 32    Dex: 28    Spells: 16/16 levels left

rFire   + + .      SeeInvis +   b - +6 eveningstar (antimagic)
rCold   . . .      Faith    .   H - +4 tower shield
rNeg    . . .      Spirit   .   l - +2 chain mail {rF+}
rPois   .          Reflect  +   k - +0 helmet
rElec   +          Harm     .   e - +1 cloak
rCorr   .          Rampage  .   o - +0 pair of gloves
Will    ++...                   R - +4 barding {rF+}
Stlth   ..........              z - amulet of reflection
HPRegen 0.36/turn               A - +4 ring of evasion
MPRegen 0.11/turn               S - ring of Reimbursement {rElec rPois Will+ Str+5 Int-3}

@: lethally poisoned (-7 -> -14), poison vulnerable, slowed, constricted,
studying Shields, curled up, very slow
A: large, rugged brown scales 3, see invisible, deformed body, roll 1, armoured
tail, reflexive curl
a: Rolling Charge, Renounce Religion, Bend Time, Temporal Distortion, Slouch,
Step From Time


You were on level 2 of the Snake Pit.
You worshipped Cheibriados.
Cheibriados was exalted by your worship.
You visited 4 branches of the dungeon, and saw 25 of its levels.
You also visited: Volcano.

You collected 3434 gold pieces.
You spent 1769 gold pieces at shops.

Inventory:

Hand Weapons
 b - a +6 antimagic eveningstar (weapon)
Missiles
 t - 13 javelins
 w - 8 throwing nets
Armour
 e - a +1 cloak (worn)
 k - a +0 helmet (worn)
 l - a +2 chain mail of fire resistance (worn)
 o - a +0 pair of gloves (worn)
 H - a +4 tower shield (worn)
 R - a +4 barding of fire resistance (worn)
Jewellery
 a - a +4 ring of slaying
 g - a ring of ice
 q - a ring of willpower
 z - an amulet of reflection (around neck)
 A - a +4 ring of evasion (left hand)
 O - a +6 ring of intelligence
 S - the ring of Reimbursement (right hand) {rElec rPois Will+ Str+5 Int-3}
   (You bought it in a shop on level 8 of the Dungeon)

   [ring of willpower]

   Str:       It affects your strength (+5).
   Int:       It affects your intelligence (-3).
   rElec:     It insulates you from electricity.
   rPois:     It protects you from poison.
   Will:      It increases your willpower.
 Y - a ring of poison resistance
Wands
 d - a wand of acid (29)
 r - a wand of paralysis (24)
 u - a wand of flame (69)
 J - a wand of polymorph (25)
 K - a wand of digging (10)
 V - a wand of charming (30)
 W - a wand of mindburst (9)
 X - a wand of iceblast (5)
Scrolls
 n - 4 scrolls of fog
 p - 6 scrolls of identify {@r1}
 x - 4 scrolls of magic mapping
 y - 8 scrolls of teleportation {@r4}
 B - a scroll of silence
 C - 3 scrolls of brand weapon
 N - 2 scrolls of blinking
 T - 7 scrolls of amnesia
 U - a scroll of immolation
Potions
 f - 4 potions of ambrosia
 h - 3 potions of flight
 i - 5 potions of curing {@q1}
 m - 2 potions of might
 v - 4 potions of lignification
 D - a potion of magic
 E - 3 potions of resistance
 F - 5 potions of attraction
 G - 4 potions of brilliance
 I - 2 potions of mutation
 Q - 5 potions of invisibility
Miscellaneous
 c - a condenser vane
 j - a box of beasts
 M - a lightning rod (4/4)


   Skills:
 + Level 16.9 Fighting
 - Level 2.6 Long Blades
 - Level 16.0 Maces & Flails
 + Level 8.8 Armour
 - Level 5.6 Dodging
 - Level 15.0 Shields
 - Level 10.0 Invocations
 - Level 5.0 Evocations


You had 16 spell levels left.
You didn't know any spells.
Your spell library contained the following spells:

 Spells                   Type           Power      Damage    Failure   Level
 Beastly Appendage        Tmut           0%         N/A       43%         1
 Summon Small Mammal      Summ           0%         N/A       43%         1
 Blink                    Tloc           N/A        N/A       56%         2
 Corpse Rot               Necr/Air       N/A        N/A       56%         2
 Ensorcelled Hibernation  Hex/Ice        0%         N/A       56%         2
 Wereblood                Tmut           0%         N/A       56%         2
 Call Canine Familiar     Summ           0%         N/A       80%         3
 Lesser Beckoning         Tloc           0%         N/A       80%         3
 Ozocubu's Armour         Ice            0%         N/A       80%         3
 Spider Form              Tmut/Pois      0%         N/A       80%         3
 Stone Arrow              Conj/Erth      0%         3d7       80%         3
 Summon Guardian Golem    Hex/Summ       0%         N/A       80%         3
 Tukima's Dance           Hex            0%         N/A       80%         3
 Animate Armour           Summ/Erth      0%         N/A       99%         4
 Animate Dead             Necr           0%         N/A       99%         4
 Dispel Undead            Necr           0%         3d6       99%         4
 Fulminant Prism          Conj/Hex       0%         3d6       99%         4
 Iskenderun's Mystic Bla  Conj/Tloc      0%         2d3       99%         4
 Borgnjor's Vile Clutch   Necr/Erth      0%         N/A       100%        5
 Lee's Rapid Deconstruct  Erth           0%         3d5*      100%        5
 Manifold Assault         Tloc           0%         N/A       100%        5
 Death Channel            Necr           0%         N/A       100%        6
 Ozocubu's Refrigeration  Ice            0%         4d5       100%        7
 Lehudib's Crystal Spear  Conj/Erth      0%         10d2      100%        8


Dungeon Overview and Level Annotations

Branches:
Dungeon (15/15)            Temple (0/1) D:5            Lair (6/6) D:8
 Shoals (0/4) Lair:2        Snake (2/4) Lair:4        Slime (0/5) Lair:5
    Orc (2/2) D:10            Elf (0/3) Orc:2        Vaults (0/5) D:13
 Depths (0/5) D:15        Volcano (visited)

Altars:
Cheibriados
Dithmenos
Gozag
Hepliaklqana
Nemelex Xobeh
Okawaru
Qazlal
Ru
Sif Muna
Trog
Vehumet
Xom
Zin
Beogh
Jiyva

Shops:
D:1 (   D:8 ([*=[   D:10 :   Orc:2 [=?*

Annotations:
Lair:5 1 runed translucent door


Innate Abilities, Weirdness & Mutations

You are completely covered in rugged brown scales. (AC +3, +7% HP)
You have supernaturally acute eyesight. (SInv)
Armour fits poorly on your strangely shaped body.
You can roll at nearby foes to attack.
You have a long armoured tail.
You curl defensively after being hit.


Message History

The naga mage gestures at the naga while chanting.
The naga seems to grow toxic.
The naga mage points at the naga and mumbles some strange words.
The naga seems to grow toxic.
You block the naga mage's attack. x2
The naga ritualist spits poison at you. The splash of poison misses you.
You feel better.
The naga warrior seems to regain its courage.
The naga mage gestures at you while chanting.
The bolt of poison hits you!
You are poisoned.
* * * LOW HITPOINT WARNING * * *
The naga mage points at you and mumbles some strange words.
The bolt of poison hits you but does no damage.
You are lethally poisoned!
You block the naga ritualist's attack. The naga ritualist grabs you.
The naga ritualist constricts you.
* * * LOW HITPOINT WARNING * * *
The naga mage gestures at you while chanting.
The bolt of poison hits you but does no damage.
You are more poisoned.
You feel better.
The naga warrior no longer looks unusually strong.
The naga no longer looks unusually strong.
The naga ritualist spits poison at you.
The splash of poison reflects off an invisible shield around you!
The splash of poison hits the naga ritualist but does no damage.
The naga ritualist constricts you. The naga mage spits poison at you.
The splash of poison reflects off an invisible shield around you!
The splash of poison hits the naga mage.
The naga mage gestures at you while chanting.
The bolt of poison hits the naga.
The bolt of poison hits the naga mage.
The naga mage is poisoned.
The bolt of poison hits you!
You are poisoned.
* * * LOW HITPOINT WARNING * * *
A naga comes into view.
It is wielding a +0 battleaxe and carrying a wand of flame (25).
You block the naga ritualist's attack. The naga ritualist constricts you.
The naga mage hits you with a +0 whip!!
You die...

### ..# #.# ### #.#
... ##.## .... ...
..... #.#
.....#####@## #.#
.......N.NNN## #.#
.............# #.#
......)N.....# #.#
......N.)....####.#
...............##.#
...N.........#.##.##
....#.......##.....#
...........#######.#
######


You could see a naga warrior (curare), a naga ritualist (curare, catching
breath), 2 naga magi and 3 nagas.

Vanquished Creatures
  A frost giant (D:15)
  2 orc warlords (Orc:2)
  2 stone giants
  A red draconian (Volcano)
  5 ettins
  Josephine (D:15)
  A fire dragon (D:14)
  A yaktaur captain (D:15)
  Erolcha (D:12)
  3 vault guards (D:13)
  Harold (Lair:2)
  9 naga warriors
  Fannar (D:10)
  3 boulder beetles
  2 ice dragons
  14 hydras
  2 ogre magi
  4 death knights
  Erica (D:11)
  3 anacondas
  3 centaur warriors
  19 two-headed ogres
  8 death yaks
  5 orc high priests
  A tengu warrior (D:14)
  4 shock serpents
  Sonja (D:11)
  A naga sharpshooter (Snake:2)
  A fire crab (D:15)
  11 skeletal warriors
  4 salamander mystics
  7 orc knights (Orc:2)
  A flayed ghost (D:15)
  2 naga ritualists
  3 phantasmal warriors
  A necromancer (D:15)
  3 deep elf pyromancers
  11 salamanders
  4 oklob plants (Lair:1)
  2 manticores
  A wolf spider (D:15)
  6 orc sorcerers
  A fire giant zombie (D:15)
  16 cyclopes
  8 ugly things
  7 mana vipers
  3 naga magi
  A spriggan zombie (D:15)
  12 elephants
  A molten gargoyle (Volcano)
  2 merfolk sirens (Lair:2)
  2 centaur zombies
  4 torpor snails
  29 black mambas
  15 cane toads
  A guardian serpent (Snake:1)
  A gargoyle (D:11)
  An unseen horror (D:12)
  A rime drake (shapeshifter) (D:15)
  3 rime drakes
  12 komodo dragons
  A yaktaur (D:13)
  Psyche (D:12)
  2 kobold demonologists
  An efreet (D:14)
  A tengu conjurer (D:14)
  A freezing wraith (D:13)
  4 polar bears
  2 merfolk (Lair:2)
  8 meliai
  A guardian mummy (D:15)
  A polar bear (shapeshifter) (D:15)
  9 trolls
  15 blink frogs
  6 hornets
  A meliai zombie (D:11)
  An ice dragon zombie (D:15)
  2 shadows (D:10)
  12 spriggans (Lair:6)
  7 wraiths
  58 yaks
  A spriggan (shapeshifter) (D:13)
  11 humans
  6 fire bats (Volcano)
  5 basilisks
  4 wyverns
  A basilisk (shapeshifter) (D:13)
  2 steam dragons
  4 vampire mosquitoes (D:8)
  3 wargs (Orc:1)
  5 acid dragons
  A human zombie (D:15)
  24 nagas
  17 water moccasins
  Duvessa (D:7)
  An ice beast (D:6)
  44 orc warriors
  2 sky beasts (D:6)
  A hornet zombie (D:7)
  7 black bears
  4 boggarts (Lair:6)
  A necrophage (D:6)
  27 wolves
  3 centaurs
  21 ogres
  A phantom (D:7)
  19 kobold brigands (Orc:1)
  A gnoll sergeant (D:9)
  7 scorpions
  11 bullfrogs
  Dowan (D:7)
  A water moccasin skeleton (D:4)
  2 howler monkeys
  4 wights (D:7)
  9 electric eels
  7 lava snakes (Volcano)
  5 hounds
  2 jellies
  33 orc priests
  A centaur skeleton (D:7)
  A bullfrog skeleton (D:5)
  12 iguanas
  Natasha (thrice) (D:2)
  31 orc wizards
  A hound skeleton (D:5)
  Robin (D:2)
  7 gnolls
  4 adders
  A shadow imp (D:7)
  An ufetubus (D:5)
  An adder skeleton (D:5)
  8 dart slugs
  109 orcs
  5 ball pythons
  An endoplasm (D:2)
  2 giant cockroaches
  9 goblins
  14 hobgoblins
  2 jackals (D:2)
  2 quokkas (D:5)
  4 bats
  3 frilled lizards
  13 kobolds
  4 rats
950 creatures vanquished.

Vanquished Creatures (collateral kills)
  A boulder beetle (D:15)
  An orc knight (D:15)
  2 ugly things (D:15)
  A cyclops (D:15)
5 creatures vanquished.

Vanquished Creatures (others)
  An ogre mage (D:13)
  A molten gargoyle (Volcano)
  39 fungi
  136 plants
  9 withered plants (D:15)
186 creatures vanquished.

Grand Total: 1141 creatures vanquished

Notes
Turn   | Place    | Note
-------+----------+-------------------------------------------
     0 | D:1      | freelancePsychic the Palentonga Fighter began the quest for
                  | the Orb.
     0 | D:1      | Reached XP level 1. HP: 19/19 MP: 1/1
   283 | D:1      | Reached XP level 2. HP: 25/25 MP: 2/2
   499 | D:1      | Found Ocub's Antique Weapon Shoppe.
   951 | D:2      | Noticed Natasha
   960 | D:2      | Killed Natasha
   961 | D:2      | Reached skill level 1 in Maces & Flails
   961 | D:2      | Reached XP level 3. HP: 23/31 MP: 3/3
  1152 | D:2      | Noticed Robin
  1328 | D:2      | Killed Robin
  1329 | D:2      | Reached XP level 4. HP: 39/39 MP: 4/4
  1363 | D:2      | Found a faded altar of an unknown god.
  1410 | D:2      | Became a worshipper of Cheibriados the Contemplative
  1410 | D:2      | Reached * piety under Cheibriados
  1421 | D:2      | Found an opulent altar of Gozag.
  1543 | D:2      | Noticed Natasha
  1557 | D:2      | Killed Natasha
  1725 | D:2      | Noticed Natasha
  1866 | D:2      | Killed Natasha
  2233 | D:3      | Noticed a black bear
  2425 | D:4      | Reached XP level 5. HP: 44/44 MP: 5/5
  2502 | D:4      | Reached skill level 1 in Dodging
  2900 | D:4      | Reached XP level 6. HP: 47/52 MP: 4/6
  2938 | D:4      | Found a radiant altar of Vehumet.
  3827 | D:3      | Found a shimmering altar of Xom.
  3836 | D:3      | Reached ** piety under Cheibriados
  3987 | D:3      | Reached skill level 5 in Maces & Flails
  3987 | D:3      | Gained mutation: You curl defensively after being hit.
                  | [Palentonga growth]
  3987 | D:3      | Reached XP level 7. HP: 58/58 MP: 7/7
  4255 | D:5      | Entered Level 5 of the Dungeon
  4278 | D:5      | Reached skill level 5 in Fighting
  4553 | D:5      | Found a staircase to the Ecumenical Temple.
  4578 | D:5      | Found a bloodstained altar of Trog.
  4800 | D:5      | Reached XP level 8. HP: 44/67 MP: 5/8
  5212 | D:5      | Found a shimmering blue altar of Sif Muna.
  5334 | D:5      | Found a shadowy altar of Dithmenos.
  5480 | D:6      | Reached *** piety under Cheibriados
  6180 | D:6      | Reached XP level 9. HP: 32/75 MP: 5/9
  6746 | D:1      | Bought a dazzling morningstar for 252 gold pieces
  6746 | D:1      | Identified the +7 morningstar of Ocwui {protect, Int+3}
                  | (You bought it in a shop on level 1 of the Dungeon)
  7007 | D:7      | Reached **** piety under Cheibriados
  7139 | D:7      | Found an iron altar of Okawaru.
  7304 | D:7      | Reached skill level 5 in Dodging
  7398 | D:7      | Noticed a two-headed ogre
  7404 | D:7      | Killed a two-headed ogre
  7586 | D:7      | Found a snail-covered altar of Cheibriados.
  7854 | D:7      | Noticed Duvessa
  7854 | D:7      | Noticed Dowan
  7856 | D:7      | Killed Duvessa
  7857 | D:7      | Reached skill level 10 in Maces & Flails
  7858 | D:7      | Killed Dowan
  7971 | D:8      | Reached XP level 10. HP: 85/85 MP: 10/10
  8517 | D:8      | Found Usumniod's Armour Boutique.
  8595 | D:8      | Found a staircase to the Lair.
  8595 | D:8      | Reached ***** piety under Cheibriados
  8863 | D:8      | Reached skill level 1 in Evocations
  8870 | D:8      | Found Muhin's Weapon Boutique.
  9016 | D:8      | Found Goax's General Store.
  9136 | D:8      | Found Atutaent's Jewellery Shoppe.
  9139 | D:8      | Bought a scroll of magic mapping for 35 gold pieces
  9176 | D:8      | Found Nulygieh's Armour Shop.
  9431 | D:8      | Found a stormy altar of Qazlal.
  9748 | D:9      | Noticed a two-headed ogre
  9755 | D:9      | Killed a two-headed ogre
  9875 | D:9      | You fall into a shaft and drop 2 floors!
  9894 | D:10     | Entered Level 10 of the Dungeon
  9954 | D:10     | Found Vyciocal's Book Shop.
 10043 | D:10     | Noticed a two-headed ogre
 10047 | D:10     | Killed a two-headed ogre
 10048 | D:10     | Reached XP level 11. HP: 85/95 MP: 9/11
 10059 | D:10     | Reached skill level 5 in Shields
 10317 | D:10     | Found a staircase to the Orcish Mines.
 10319 | D:10     | Found a sparkling altar of Nemelex Xobeh.
 10334 | D:10     | Found a glowing silver altar of Zin.
 10343 | D:10     | Noticed Fannar
 10444 | D:10     | Killed Fannar
 10595 | D:10     | Found a sacrificial altar of Ru.
 11035 | D:9      | Reached skill level 10 in Fighting
 11309 | D:9      | Reached skill level 5 in Evocations
 11585 | D:9      | Noticed a two-headed ogre
 11596 | D:9      | Killed a two-headed ogre
 12258 | D:11     | Noticed Sonja
 12262 | D:11     | Killed Sonja
 12452 | D:11     | Noticed Erica
 12458 | D:11     | Killed Erica
 12592 | D:11     | Reached ****** piety under Cheibriados
 13009 | Lair:1   | Entered Level 1 of the Lair of Beasts
 13020 | Lair:1   | Reached XP level 12. HP: 95/107 MP: 12/12
 13832 | Lair:1   | Noticed a six-headed hydra
 13846 | Lair:1   | Killed a six-headed hydra
 14722 | Lair:2   | Noticed a seven-headed hydra
 14726 | Lair:2   | Identified the +3 scale mail of Epniu {rElec Str+5 Int+3}
 14733 | Lair:2   | Killed a seven-headed hydra
 14786 | Lair:2   | Noticed Harold
 14821 | Lair:2   | Killed Harold
 14863 | Lair:2   | Reached XP level 13. HP: 44/116 MP: 13/13
 15432 | Lair:2   | Found a staircase to the Shoals.
 15768 | Lair:3   | Found a dark tunnel.
 15999 | Volcano  | Entered a volcano
 16431 | Volcano  | Found a burning altar of Makhleb.
 16475 | Volcano  | Noticed a red draconian
 16495 | Volcano  | Killed a red draconian
 16842 | Lair:3   | Reached skill level 10 in Shields
 18427 | Lair:4   | Reached XP level 14. HP: 127/127 MP: 14/14
 18569 | Lair:4   | Found a staircase to the Snake Pit.
 20137 | Lair:5   | Identified the +8 hand axe "Wumotti" {drain, rElec Str+3}
 20309 | Lair:5   | Found a runed translucent door.
 20310 | Lair:5   | Found a viscous altar of Jiyva.
 20310 | Lair:5   | Noticed an acid blob
 20377 | Lair:5   | Found a staircase to the Slime Pits.
 20379 | Lair:5   | Noticed an acid blob
 20700 | Lair:6   | Entered Level 6 of the Lair of Beasts
 20702 | Lair:6   | Identified 3 scrolls of acquirement
 20703 | Lair:6   | Acquired a +1 antimagic eveningstar
 20705 | Lair:6   | Acquired a manual of Shields
 20707 | Lair:6   | Acquired 345 gold pieces
 20837 | D:8      | Bought the ring of Reimbursement {rElec rPois Will+ Str+5
                  | Int-3} for 663 gold pieces
 21469 | Lair:6   | Paralysed by a hornet for 3 turns
 21648 | Lair:6   | Reached skill level 15 in Maces & Flails
 21694 | Lair:6   | Identified the +5 short sword "Dragonbane" {drain, rF++
                  | MP-9 Dex+7}
 21967 | Lair:6   | Acquired a +2 barding of fire resistance
 22601 | Orc:1    | Entered Level 1 of the Orcish Mines
 23470 | Orc:1    | Reached XP level 15. HP: 75/132 MP: 5/15
 24077 | Orc:1    | Identified the +11 rapier of the Hand {vorpal, rC+ Int+7
                  | Dex+2}
 24077 | Orc:1    | Identified the ring "Qiyzuxt" {Fire Fly rCorr Int-5 Dex+3}
 24730 | Orc:2    | Entered Level 2 of the Orcish Mines
 24935 | Orc:2    | Found Firo's Jewellery Emporium.
 24951 | Orc:2    | Found Dycrubex's Armour Shoppe.
 25316 | Orc:2    | Reached skill level 15 in Shields
 25363 | Orc:2    | Noticed an orc warlord
 25373 | Orc:2    | Killed an orc warlord
 25374 | Orc:2    | Reached skill level 1 in Invocations
 25853 | Orc:2    | Found Qexzeog's Assorted Antiques.
 25876 | Orc:2    | Bought a scroll of teleportation for 81 gold pieces
 25876 | Orc:2    | Bought a potion of resistance for 270 gold pieces
 25876 | Orc:2    | Bought 2 potions of might for 216 gold pieces
 25876 | Orc:2    | Bought a scroll labelled GASCHIXKA VAMIU for 27 gold pieces
 25918 | Orc:2    | Found Viacvim's Magic Scroll Boutique.
 25933 | Orc:2    | Bought a scroll of enchant weapon for 75 gold pieces
 25933 | Orc:2    | Bought a scroll of blinking for 75 gold pieces
 25933 | Orc:2    | Bought a scroll of identify for 20 gold pieces
 25933 | Orc:2    | Bought a scroll of magic mapping for 35 gold pieces
 25934 | Orc:2    | Bought a scroll of identify for 20 gold pieces
 26101 | Orc:2    | Found a staircase to the Elven Halls.
 26322 | Orc:2    | Noticed an orc warlord
 26328 | Orc:2    | Killed an orc warlord
 26756 | D:12     | Reached skill level 5 in Invocations
 26915 | D:12     | Noticed Psyche
 26922 | D:12     | Killed Psyche
 27586 | D:12     | Noticed Erolcha
 27591 | D:12     | Killed Erolcha
 27592 | D:12     | Reached XP level 16. HP: 143/143 MP: 6/20
 27971 | D:13     | Found a gate to the Vaults.
 28033 | D:13     | You fall into a shaft and drop 2 floors!
 28033 | D:15     | Entered Level 15 of the Dungeon
 28367 | D:15     | Reached skill level 15 in Fighting
 28652 | D:14     | Reached skill level 5 in Armour
 29456 | D:13     | Identified the +3 war axe of Hesopso {vorpal, Fly Will-
                  | rCorr Dex-4}
 30321 | D:14     | Identified the ring of Goleit {Str+2 Int+6}
 30478 | D:14     | You fall into a shaft and drop 1 floor!
 30518 | D:15     | Noticed Josephine
 30523 | D:15     | Killed Josephine
 31098 | D:14     | Reached XP level 17. HP: 154/154 MP: 8/24
 31195 | D:15     | Found a staircase to the Depths.
 31215 | D:15     | Reached skill level 10 in Invocations
 31776 | Snake:1  | Entered Level 1 of the Snake Pit
 33388 | Snake:2  | Found a hazy altar of Hepliaklqana.
 33443 | Snake:2  | Mangled by a naga mage

Illustrated notes

Levels and vault maps discovered:
D:1:      lightli_iron_boxes, layout_basic, serial_shops, shop
D:2:      layout_basic, basic_ecumenical_altar, basic_altar, uniq_natasha,
          uniq_robin
D:3:      layout_rooms, mainiacjoe_overflow_chevrons, st_stairs_5
D:4:      layout_gridville, nicolae_vehumet_radiance
D:5:      minmay_spotlight, layout_loops_ring, mainiacjoe_overflow_alcove_4,
          trog_hazing_becter, lemuel_blue_sif_altar,
          minmay_temple_entry_overgrown
D:6:      layout_basic, st_stairs_2, nicolae_sextant,
          hangedman_abyss_or_decor_slice
D:7:      layout_basic, mainiacjoe_overflow_surrounded_room, okawaru_humans,
          uniq_duvessa
D:8:      layout_loops_corners, nicolae_qazlal_style_of_elements,
          erik_lair_island, serial_shops, shop, shop, shop,
          nicolae_shop_behind_doors, nicolae_shop_temple_entry_statues_fountains
D:9:      layout_stronghold
D:10:     layout_rooms, old_standard_altar, mainiacjoe_overflow_alcove_1,
          kennysheep_little_box, serial_shops, kennysheep_mini,
          kennysheep_generic_room_14, uniq_fannar
D:11:     layout_irregular_city, kennysheep_cross_bottleneck,
          kennysheep_opposing_triangles, uniq_erica, uniq_sonja
D:12:     layout_basic, uniq_erolcha, uniq_psyche
D:13:     minmay_shrinking_squares, layout_layer_cave, ximxim_vaults_locker_room
D:14:     minmay_inside_and_out, layout_rooms
D:15:     gammafunk_depths_entry_grave, layout_basic, minmay_misc_feat_tiny,
          minivault_28, uniq_josephine
Lair:1:   minmay_lair_oklob_tunnel, layout_hall_layers, serial_forest,
          infiniplex_forest_clump_double, infiniplex_forest_zigzag_1,
          infiniplex_forest_lined_room_2, infiniplex_forest_end_1,
          infiniplex_forest_split, infiniplex_forest_end_2,
          infiniplex_forest_clump_large
Lair:2:   beast_lair_carwin_large_4, layout_hall_layers,
          elwin_shoals_entry_stream, uniq_harold
Lair:3:   layout_gridlike, nicolae_volcano_entry_two_sided, beast_lair_carwin_9
Lair:4:   layout_gridlike, minmay_snake_entry_guardpost_large, st_stairs_7,
          disabler_island, lemuel_fruit_tree
Lair:5:   layout_layer_cave, slime_altar_2, serial_bayou_shore_a
Lair:6:   minmay_lair_end_enchanted_forest, layout_loops_ring,
          chequers_serial_rivers_micro_d, grunt_megastairs_2,
          infiniplex_staircase_pool
Snake:1:  layout_onion_interference, grunt_ministairs_12,
          nicolae_snake_snakes_in_the_grass, grunt_megastairs_4
Snake:2:  layout_gridlike, special_room, basic_altar
Orc:1:    giant_chief_lemuel, layout_caves, special_room [special_room_kobold]
Orc:2:    pubby_orc_utopia

Skill      XL: |  1  2  3  4  5  6  7  8  9 10 11 12 13 14 15 16 17 |
---------------+----------------------------------------------------+-----
Maces & Flails | 1 2 3 4 5 6 8 10 12 13 15 16 | 16.0
Fighting       | 4 5 6 7 9 11 12 13 14 15 16 | 16.9
Dodging        | 1 2 3 4 5 |  5.6
Shields        | 4 7 9 10 13 15 | 15.0
Evocations     | 3 5 |  5.0
Invocations    | 6 9 10 | 10.0
Armour         | 6 8 |  8.8
Long Blades    | |  2.6

Action                   |  1- 3 |  4- 6 |  7- 9 | 10-12 | 13-15 | 16-18 || total
-------------------------+-------+-------+-------+-------+-------+-------++-------
Melee: Long sword        |    48 |       |       |       |       |       ||    48
       Mace              |    32 |   104 |   114 |       |       |       ||   250
       Tailslap          |     4 |    13 |    47 |    98 |   275 |   156 ||   593
       Flail             |       |       |    38 |       |       |       ||    38
       Morningstar       |       |       |    57 |   438 |   583 |       ||  1078
       Eveningstar       |       |       |       |       |   546 |   563 ||  1109
Invok: Bend Time         |       |       |       |       |     2 |     1 ||     3
 Abil: Rolling Charge    |    17 |    26 |    32 |    58 |   104 |    65 ||   302
Evoke: Wand              |       |       |     3 |    13 |    38 |     2 ||    56
       Lightning rod     |       |       |       |     4 |       |       ||     4
       Condenser vane    |       |       |       |     1 |     2 |       ||     3
  Use: Scroll            |     1 |     2 |     3 |    11 |    26 |     8 ||    51
       Potion            |       |     1 |     2 |     2 |     3 |     3 ||    11
 Stab: Held in net/web   |       |       |       |     1 |       |       ||     1
       Distracted        |       |       |       |       |       |     1 ||     1
Armor: Chain mail        |    37 |    60 |    81 |   127 |   222 |   106 ||   633
       Skin              |       |       |     4 |    28 |       |       ||    32
Dodge: Dodged            |    26 |    39 |    80 |   227 |   336 |   116 ||   824
Block: Buckler           |    12 |    27 |    30 |   103 |       |       ||   172
       Kite shield       |       |       |       |   216 |   772 |       ||   988
       Reflection        |       |       |       |     8 |    34 |    60 ||   102
       Tower shield      |       |       |       |       |   359 |   667 ||  1026

Table legend: (Time is in decaauts)
 A = Elapsed time spent in this place.
 B = Non-inter-level travel time spent in this place.
 C = Inter-level travel time spent in this place.
 D = Time resting spent in this place.
 E = Time spent auto-exploring this place.
 F = Levels seen in this place.
 G = Mean time per level.
                   A        B        C        D        E       F      G
               +--------+--------+--------+--------+--------+-----+--------+
         Total |  48254 |  44798 |   3456 |   2487 |  36272 |  26 | 1855.9 |
       Dungeon |  26358 |  24079 |   2279 |   1905 |  19264 |  15 | 1757.2 |
          Lair |  13422 |  12420 |   1002 |    271 |  10736 |   6 | 2237.0 |
     Snake Pit |   2403 |   2327 |     76 |      0 |   1902 |   2 | 1201.5 |
  Orcish Mines |   5118 |   5020 |     98 |    311 |   3629 |   2 | 2559.0 |
       Volcano |    951 |    951 |      0 |      0 |    740 |   1 |  951.0 |
               +--------+--------+--------+--------+--------+-----+--------+

Top non-repeatable levels by time:
   Orc:2: 2907 daAuts
    D:13: 2841 daAuts
     D:8: 2611 daAuts
  Lair:4: 2490 daAuts
  Lair:3: 2375 daAuts
  Lair:1: 2364 daAuts
     D:9: 2247 daAuts
   Orc:1: 2211 daAuts
  Lair:2: 2205 daAuts
     D:2: 2056 daAuts
  Lair:5: 2028 daAuts
    D:15: 2002 daAuts
    D:10: 1987 daAuts
  Lair:6: 1958 daAuts
    D:11: 1861 daAuts
